 Dungeon Crawl Stone Soup version 0.26.0-45-g9c1d065592 (webtiles) character file.

Game seed: 10463529732427038347

8246 lawman0 the Covert (level 11, -2/58 HPs)
             Began as a Spriggan Delver on Jan 30, 2021.
             Was a Believer of Nemelex Xobeh.
             Killed from afar by an orc wizard (10 damage)
             ... with a puff of frost
             ... on level 10 of the Dungeon on Jan 31, 2021.
             The game lasted 00:22:08 (12547 turns).

lawman0 the Covert (Spriggan Delver)               Turns: 12547, Time: 00:22:09

Health: -2/58      AC:  6    Str: 14    XL:     11   Next: 7%
Magic:  15/15      EV: 28    Int: 15    God:    Nemelex Xobeh [**....]
Gold:   195        SH:  0    Dex: 18    Spells: 10/10 levels left

rFire    . . .     SeeInvis +   h - +2 dagger (drain)
rCold    . . .     Faith    .   (shield restricted)
rNeg     . . .     Spirit   .   s - +0 troll leather armour
rPois    .         Reflect  .   j - +2 hat
rElec    .         Harm     .   (no cloak)
rCorr    .         Rampage  .   (gloves unavailable)
Will     ++...                  (boots unavailable)
Stlth    ++++++....             (no amulet)
HPRegen  0.59/turn              t - +6 ring of strength
MPRegen  0.14/turn              B - ring of willpower

@: lethally poisoned (-2 -> -3), very quick
A: very small, unfitting armour, see invisible, speed 3
a: Renounce Religion, Draw Escape, Draw Destruction, Draw Summoning


You were on level 10 of the Dungeon.
You worshipped Nemelex Xobeh.
Nemelex Xobeh was pleased with you.
You visited 2 branches of the dungeon, and saw 11 of its levels.

You collected 460 gold pieces.
You spent 265 gold pieces at shops.

Inventory:

Hand Weapons
 h - a +2 dagger of draining (weapon)
 D - a +2 dagger of venom
Missiles
 l - 72 poisoned darts (quivered)
 q - 8 curare-tipped darts
 z - 5 silver boomerangs
Armour
 j - a +2 hat (worn)
 s - a +0 troll leather armour (worn)
Magical Staves
 I - an uncursed staff of conjuration
Jewellery
 b - an uncursed ring of willpower
 t - a +6 ring of strength (left hand)
 y - an uncursed ring of flight
 B - a ring of willpower (right hand)
 E - an uncursed ring of wizardry
Wands
 d - a wand of polymorph (6)
 g - a wand of digging (3)
 H - a wand of iceblast (6)
 J - a wand of random effects (9)
Scrolls
 c - a scroll of fog
 e - 3 scrolls of fear
 i - 5 scrolls of remove curse
 o - a scroll of enchant armour
 p - a scroll of noise
 w - 6 scrolls of amnesia
 A - a scroll of enchant weapon
 C - 2 scrolls of immolation
 F - a scroll of torment
Potions
 a - a potion of brilliance
 f - 3 potions of haste
 k - 5 potions of flight
 m - 2 potions of attraction
 n - 2 potions of mutation
 r - a potion of heal wounds
 u - a potion of curing
 v - 3 potions of cancellation
 x - 2 potions of might


   Skills:
 + Level 7.2 Fighting
 + Level 9.3 Short Blades
 - Level 3.0 Throwing
 + Level 12.2 Dodging
 + Level 14.0 Stealth
 + Level 4.4 Invocations
 + Level 5.9 Evocations


You had 10 spell levels left.
You didn't know any spells.
Your spell library contained the following spells:

 Spells                   Type           Power        Failure   Level
 Beastly Appendage        Tmut           0%           34%         1
 Corona                   Hex            0%           34%         1
 Summon Small Mammal      Summ           0%           34%         1
 Slow                     Hex            0%           45%         2
 Wereblood                Tmut           0%           45%         2
 Inner Flame              Hex/Fire       0%           71%         3
 Portal Projectile        Hex/Tloc       0%           71%         3
 Spider Form              Tmut/Pois      0%           71%         3
 Summon Guardian Golem    Hex/Summ       0%           71%         3
 Cause Fear               Hex            0%           98%         4
 Ice Form                 Ice/Tmut       0%           98%         4
 Leda's Liquefaction      Hex/Erth       0%           98%         4
 Olgreb's Toxic Radiance  Pois           0%           98%         4
 Summon Lightning Spire   Summ/Air       0%           98%         4
 Blade Hands              Tmut           0%           100%        5
 Summon Mana Viper        Hex/Summ       0%           100%        5


Dungeon Overview and Level Annotations

Branches:
Dungeon (10/15)            Temple (1/1) D:4
   Lair: D:8-11         Orc: D:9-12

Altars:
Ashenzari
Cheibriados
Dithmenos
Elyvilon
Fedhas
Gozag
Hepliaklqana
Kikubaaqudgha
Makhleb
Nemelex Xobeh
Okawaru
Qazlal
Ru
Sif Muna
Trog
Uskayaw
Vehumet
Wu Jian
Xom
Yredelemnul
Zin
The Shining One

Shops:
D:7 ?:[

Annotations:
D:10 Grum, Nergalle


Innate Abilities, Weirdness & Mutations

You are very small and have problems with some larger weapons.
You are too small for most types of armour.
You have supernaturally acute eyesight. (SInv)
You cover ground extremely quickly.


Message History

You assume a fearsome visage.
The worker ant looks frightened!
The centaur warrior zombie is unaffected.
The orc wizard looks frightened!
The orc wizard shouts!
The orc looks frightened! x3; The orc wizard looks frightened!
The orc warrior looks frightened!
The yak looks frightened! x3
The yak resists with some effort.
The yak looks frightened! x2; You feel sick.
The centaur warrior zombie completely misses you.
The orc wizard mumbles some strange words.
The orc wizard blinks!
The orc wizard gestures wildly while chanting.
The orc wizard blinks!
Unknown command.
The yak misses you.
The orc wizard mumbles some strange words.
The orc wizard blinks!
The orc wizard points at you and mumbles some strange words.
The puff of frost hits you!
You die...
Your body disappears without a glow.

#..........#
#o.......[(#
#..........#
#########..........#
#........o.........#
#..................#
#..!......o###..#.##
#..Y...oo..####.# #
#...Y..@Y§o...o...
#.Y......#.....#..#
####.oY###........#
#..Z# #.oo....>#
#...# (..o.. #..Y#
....# #...# #..B#
#...#


You could see 6 yaks, an orc warrior (fleeing), a worker ant (fleeing), an orc
priest, 2 orc wizards, 4 orcs and a centaur warrior zombie.

Vanquished Creatures
  A kobold demonologist (D:8)
  A troll (D:9)
  2 hornets (D:9)
  A wraith (D:9)
  A water moccasin (D:9)
  3 orc warriors
  2 ice beasts
  A sky beast (D:7)
  8 ogres
  3 phantoms
  A black bear (D:9)
  2 centaurs
  A wolf (D:10)
  12 big kobolds (D:8)
  2 gnoll sergeants (D:9)
  5 bullfrogs
  3 scorpions
  A killer bee (D:6)
  4 howler monkeys
  A crimson imp (D:5)
  2 quasits
  3 hounds
  A bullfrog zombie (D:6)
  A centaur zombie (D:8)
  3 jellies
  A bullfrog skeleton (D:8)
  2 centaur skeletons
  4 orc priests
  Jessica (D:3)
  Natasha (thrice) (D:2)
  3 orc wizards
  4 worker ants
  A hound zombie (D:6)
  A hound skeleton (D:8)
  2 worker ant zombies
  A howler monkey zombie (D:8)
  4 adders
  A howler monkey skeleton (D:3)
  26 gnolls
  6 shadow imps
  3 white imps
  An ufetubus (D:7)
  An adder zombie (D:8)
  An adder skeleton (D:7)
  2 worms
  3 dart slugs
  34 orcs
  9 bats
  9 giant cockroaches
  6 goblins
  5 hobgoblins
  6 jackals
  20 kobolds
  5 quokkas
  3 ball pythons
  11 frilled lizards
  A leopard gecko skeleton (D:7)
  A leopard gecko zombie (D:6)
  2 rats (D:1)
248 creatures vanquished.

Vanquished Creatures (collateral kills)
  An orc warrior (D:7)
  A big kobold (D:7)
  A scorpion (D:7)
  A hound (D:7)
  An orc wizard (D:7)
  2 orcs (D:7)
  A kobold (D:7)
8 creatures vanquished.

Vanquished Creatures (others)
  A centaur (D:6)
  A bullfrog (D:6)
  A worker ant (D:6)
3 creatures vanquished.

Grand Total: 259 creatures vanquished

Notes
Turn   | Place    | Note
-------+----------+-------------------------------------------
     0 | D:5      | lawman0 the Spriggan Delver began the quest for the Orb.
     0 | D:5      | Reached XP level 1. HP: 11/11 MP: 2/2
    15 | D:5      | Found a broken altar of Ashenzari.
    16 | D:5      | Identified the Incunabulum of the Venomous Escort
    18 | D:5      | ok
    48 | D:5      | Found an ornate altar of the Wu Jian Council.
    52 | D:5      | Noticed an ice beast
    55 | D:5      | Killed an ice beast
    56 | D:5      | Reached skill level 9 in Stealth
    56 | D:5      | Reached XP level 2. HP: 16/16 MP: 3/3
    56 | D:5      | Reached XP level 3. HP: 19/19 MP: 4/4
    56 | D:5      | Reached XP level 4. HP: 23/23 MP: 5/5
    56 | D:5      | lol
   110 | D:4      | Found a staircase to the Ecumenical Temple.
   121 | Temple   | Entered the Ecumenical Temple
   188 | Temple   | hmm
   191 | Temple   | .................................
   191 | Temple   | .......................
   220 | D:4      | Noticed an ogre
   335 | D:4      | Reached skill level 10 in Stealth
   335 | D:4      | Reached XP level 5. HP: 28/28 MP: 6/6
   373 | D:4      | Noticed Grinder
   426 | D:3      | Noticed Jessica
   655 | D:2      | Noticed Natasha
   669 | D:2      | Killed Natasha
   724 | D:2      | Noticed Natasha
   736 | D:2      | Killed Natasha
   819 | D:2      | Noticed Natasha
   822 | D:2      | Killed Natasha
   823 | D:2      | Reached XP level 6. HP: 32/32 MP: 7/7
  1453 | D:3      | Killed Jessica
  1454 | D:3      | Reached skill level 11 in Stealth
  2657 | D:4      | Reached skill level 1 in Throwing
  2809 | D:4      | Reached XP level 7. HP: 31/36 MP: 8/8
  3165 | D:4      | Noticed Grinder
  3165 | D:4      | Grinder changed into Grinder the quasit
  3193 | D:4      | Killed Grinder the quasit
  3642 | D:4      | Reached skill level 5 in Dodging
  4030 | D:5      | Reached XP level 8. HP: 40/40 MP: 9/9
  4235 | D:5      | Found a blossoming altar of Fedhas.
  4344 | D:6      | Reached skill level 5 in Short Blades
  4365 | D:6      | Found a shimmering altar of Xom.
  4493 | D:6      | Found a sacrificial altar of Ru.
  4959 | D:6      | Reached skill level 1 in Evocations
  5280 | D:6      | Found a sparkling altar of Nemelex Xobeh.
  5347 | D:6      | Became a worshipper of Nemelex Xobeh the Trickster
  6032 | D:1      | Reached * piety under Nemelex Xobeh
  6462 | D:5      | Reached skill level 12 in Stealth
  7271 | D:6      | Received a gift from Nemelex Xobeh
  7634 | D:7      | Found Wetug's Magic Scroll Shoppe.
  7650 | D:7      | Bought a scroll of enchant weapon for 97 gold pieces
  7650 | D:7      | Bought a scroll of amnesia for 45 gold pieces
  7650 | D:7      | Bought a scroll of immolation for 45 gold pieces
  7650 | D:7      | Bought a scroll of identify for 26 gold pieces
  7650 | D:7      | Bought 2 scrolls of identify for 52 gold pieces
  7652 | D:7      | O_O
  7652 | D:7      | Reached skill level 10 in Dodging
  7652 | D:7      | Reached skill level 5 in Evocations
  7652 | D:7      | Reached XP level 9. HP: 48/49 MP: 9/13
  7747 | D:7      | Found an opulent altar of Gozag.
  7798 | D:7      | Reached XP level 10. HP: 53/53 MP: 14/14
  8006 | D:7      | Found Igubbaug's Book Emporium.
  8186 | D:7      | Reached skill level 13 in Stealth
  8194 | D:7      | Found Zoexzac's Armour Emporium.
  9138 | D:8      | Found an iron altar of Okawaru.
  9203 | D:8      | Got an ichor-stained long sword
  9217 | D:8      | Found a shadowy altar of Dithmenos.
  9696 | D:8      | Noticed an orange demon
  9982 | D:8      | Reached ** piety under Nemelex Xobeh
 10224 | D:8      | Noticed a sixfirhy
 11862 | D:9      | Reached XP level 11. HP: 43/58 MP: 15/15
 12225 | D:9      | Reached skill level 14 in Stealth
 12250 | D:9      | Identified the +7 long sword "Tocev" {antimagic, Fragile
                  | Str+4 Dex+4} (You found it on level 8 of the Dungeon)
 12423 | D:10     | Entered Level 10 of the Dungeon
 12452 | D:10     | Noticed Grum
 12453 | D:10     | Noticed Nergalle
 12547 | D:10     | Killed from afar by an orc wizard

Illustrated notes #.##.##........# #...).........## #.##...>........# #####........# #..###... ###..### # ##....###... #.......#._. #...@.###.. #...### <....### ##... ###. #. Turn 18 on D:5: ok *,,,,,,_.,,,,,**,** ***,*,,..*,**,,,,,, *,*,,.##,****,,** ##*,***..,,* *,,*# #.*,,,,.#*** *,.## #.***##.# ##..## #.* #..# #...*# ##.## #.#* *#.#.## ##..@###.######.#.,.. #............#.#*#.## ##...#######..#* *#.. ##.## #.#.#*#.## ##* #.#*.#.**# #.#*#.#* #.# #.# #.###.# #..(..# Turn 56 on D:5: lol

####### ######### #######
......### ###.......### ###......
_..._...###..._..._...###..._..._
.........#.............#.........
........###...........###........
.._.............@............._..
........###...........###........
.........#.............#.........
_..._...###..._..._...###..._..._
......### ###.......### ###......
####### ######### #######


Turn 188 on Temple: hmm ######## ######### ###### .......### ###.......###
###..... ._..._...###..._..._...###..._... ..........#.............#........
.........###...........###....... ..._............@<............._.
.........###...........###....... ..........#.............#........
._..._...###..._..._...###..._... .......### ###.......### ###..... ########
######### ###### Turn 191 on Temple: ................................. ####
.##...##### ..........# $......!#.# ..........# ......#.@.# ..........#
..#>....#.# . .#.#####...#.... .......<........ .#.#######.#.... ...... ##....
#.<. Turn 7652 on D:7: O_O

Levels and vault maps discovered:
D:1:      dpeg_arrival_shrine, layout_basic
D:2:      layout_loops_cross, serial_glass, glass_columns_a, glass_columns_a,
          hangedman_decor_clover_reticule, minmay_misc_feat_nine_boxes,
          uniq_natasha
D:3:      layout_rooms, st_stairs_2, minmay_misc_feat_ornament, uniq_jessica
D:4:      layout_cave_pods, minmay_temple_entry_waves, uniq_grinder
D:5:      layout_loops_ring, nicolae_overflow_crystal_walls, fedhas_altar_1,
          nicolae_ashenzari_panopticon
D:6:      layout_basic, xom_confusion_cloud, old_standard_altar,
          old_standard_altar
D:7:      layout_rooms, overflow_temple_1_default, serial_shops, shop,
          nicolae_shop_stone, shop, serial_curves, eino_curves_01,
          eino_curves_04
D:8:      layout_basic, okawaru_trees_1, marbit_many_paths, special_room
          [special_room_kobold]
D:9:      layout_small_grid
D:10:     layout_basic, lair_entry_dummy, ebering_ghost_funeral_grove,
          uniq_nergalle, uniq_grum
Temple:   zaba_magenta_temple

Skill      XL: |  1  2  3  4  5  6  7  8  9 10 11 |
---------------+----------------------------------+-----
Stealth        | 9 10 11 12 13 14 | 14.0
Fighting       | 3 6 7 |  7.2
Short Blades   | 3 4 8 9 |  9.3
Dodging        | 4 6 10 12 | 12.2
Throwing       | 1 3 |  3.0
Evocations     | 5 |  5.9
Invocations    | 4 |  4.4

Action                   |  1- 3 |  4- 6 |  7- 9 | 10-12 || total
-------------------------+-------+-------+-------+-------++-------
Melee: Dagger            |     1 |   164 |   427 |   675 ||  1267
Throw: Dart              |       |    47 |    63 |       ||   110
Invok: Draw Destruction  |       |       |     3 |       ||     3
       Draw Summoning    |       |       |       |     2 ||     2
Evoke: Wand              |       |       |     6 |     6 ||    12
  Use: Scroll            |     1 |     2 |     8 |     7 ||    18
       Potion            |       |     1 |     1 |     2 ||     4
 Stab: Sleeping          |     1 |    25 |    18 |    16 ||    60
       Distracted        |       |     4 |     1 |     2 ||     7
Armor: Robe              |       |    18 |    32 |    19 ||    69
       Troll leather arm |       |       |       |    11 ||    11
Dodge: Dodged            |       |   132 |   369 |   556 ||  1057
